 Dungeon Crawl Stone Soup version 0.31-a0-142-g31f6795574 (webtiles) character file.

Game seed: 14678739606416326647

162 marky1606 the Covered (level 5, 0/41 HPs)
             Began as a Demonspawn Fighter on June 3, 2023.
             Slain by an adder (1 damage)
             ... on level 4 of the Dungeon.
             The game lasted 00:12:53 (3734 turns).

marky1606 the Covered (Demonspawn Fighter)          Turns: 3734, Time: 00:12:53

Health: 0/41       AC: 17    Str: 19    XL:     5   Next: 19%
Magic:  5/5        EV:  5    Int:  9    God:
Gold:   76         SH:  4    Dex: 12    Spells: 4/4 levels left

rFire   . .          .
                       - Unarmed
rCold   . . .        b - +0 buckler
rNeg    . . .        d - +4 plate armour
rPois   .            (no helmet)
rElec   .            (no cloak)
rCorr   .            (no gloves)
SInv    .            (no boots)
Will    .....        i - amulet of the acrobat Stlth
                     (no ring)
HPRegen 0.26/turn    (no ring)
MPRegen 0.09/turn

%: acrobat
@: lethally poisoned (0 -> -3)
A: hooves 1, thin metallic scales 1
a: no special abilities


You were on level 4 of the Dungeon.
You visited 1 branch of the dungeon, and saw 4 of its levels.

You collected 76 gold pieces.

Inventory:

Armour
 a - a +0 scale mail
 b - a +0 buckler (worn)
 d - a +4 plate armour (worn)
Jewellery
 i - an amulet of the acrobat (around neck)
Scrolls
 e - 4 scrolls of identify {unknown}
 f - a scroll of teleportation {unknown}
 h - a scroll of magic mapping {unknown}
 m - 2 scrolls of enchant armour {unknown}
 o - a scroll of blinking {unknown}
 r - a scroll of noise {unknown}
Potions
 c - a potion of might
 g - a potion of attraction {unknown}
 j - a potion of resistance
 k - a potion of magic {unknown}
 l - a potion of berserk rage {unknown}
 n - 2 potions of curing {unknown}
 p - a potion of heal wounds {unknown}
 q - a potion of haste {unknown}
 s - a potion of mutation {unknown}


   Skills:
 + Level 3.2 Fighting
 * Level 3.7 Armour
 * Level 3.2 Shields
 * Level 3.5 Unarmed Combat


You had 4 spell levels left.
You didn't know any spells.
Your spell library was empty.

Dungeon Overview and Level Annotations

Branches:
Dungeon (4/15)
 Temple: D:4-7

Altars:
Yredelemnul

Annotations:
D:3 Grinder, Sigmund


Innate Abilities, Weirdness & Mutations

You have large cloven feet.
You are partially covered in thin metallic scales. (AC +2)


Message History

The adder poisons you! The kobold hits you but does no damage.
A kobold comes into view.
It is wielding a +0 dagger and quivering poisoned darts.
You completely miss the adder.
You feel sick. The adder barely misses you. The kobold hits you with a +0 whip.
* * * LOW HITPOINT WARNING * * *
You punch the adder! Your kick misses the adder.
The adder is severely wounded.
You feel sick.
The adder bites you but does no damage. x2
The kobold hits you but does no damage.
You closely miss the adder.
The adder is severely wounded.
You feel sick. The adder barely misses you.
The kobold hits you but does no damage.
You miss the adder. Your kick misses the adder.
The adder is severely wounded.
You feel sick. The adder bites you but does no damage.
You block the kobold's attack.
The kobold throws a poisoned dart.
The poisoned dart hits you!
You are lethally poisoned!
You miss the adder. Your kick misses the adder.
The adder is severely wounded.
* * * LOW HITPOINT WARNING * * *
You feel very sick. The adder barely misses you.
The adder bites you but does no damage. The kobold hits you but does no damage.
You hit the adder.
The adder is almost dead.
* * * LOW HITPOINT WARNING * * *
You feel sick. The adder bites you but does no damage.
The kobold hits you but does no damage.
You miss the adder. Your kick misses the adder.
The adder is almost dead.
* * * LOW HITPOINT WARNING * * *
You feel sick. The adder bites you but does no damage.
The kobold hits you but does no damage.
You hit the kobold but do no damage. You kick the kobold.
The kobold is severely wounded.
* * * LOW HITPOINT WARNING * * *
You feel sick. The adder bites you.
You die...

#.#
#.#
#.#
#.#
####.#
#....#
#..KK#
#..S@#
######


You could see an adder and 2 kobolds.

Vanquished Creatures
  Terence (D:2)
  Natasha (thrice) (D:2)
  A gnoll (D:1)
  An adder (D:3)
  3 dart slugs
  4 endoplasms
  4 giant cockroaches
  3 goblins (D:1)
  3 hobgoblins
  3 kobolds
  A quokka (D:1)
  6 ball pythons
  2 bats (D:1)
  5 frilled lizards
  7 rats
47 creatures vanquished.

Notes
Turn   | Place    | Note
-------+----------+-------------------------------------------
     0 | D:1      | marky1606 the Demonspawn Fighter began the quest for the
                  | Orb.
     0 | D:1      | Reached XP level 1. HP: 18/18 MP: 1/1
   201 | D:1      | Gained mutation: You are partially covered in thin metallic
                  | scales. (AC +2) [demonic ancestry]
   201 | D:1      | Reached XP level 2. HP: 11/24 MP: 2/2
   548 | D:1      | Reached XP level 3. HP: 24/29 MP: 3/3
  1609 | D:2      | Noticed Natasha
  1677 | D:2      | Killed Natasha
  1678 | D:2      | Reached XP level 4. HP: 12/35 MP: 4/4
  1978 | D:2      | Noticed Terence
  2009 | D:2      | Killed Terence
  2136 | D:2      | Found a basalt altar of Yredelemnul.
  2354 | D:2      | Noticed Natasha
  2373 | D:2      | Killed Natasha
  2814 | D:2      | Noticed Natasha
  2836 | D:2      | Killed Natasha
  2837 | D:2      | Gained mutation: You have large cloven feet. [demonic
                  | ancestry]
  2837 | D:2      | Reached XP level 5. HP: 23/41 MP: 5/5
  3662 | D:3      | Noticed an ogre
  3664 | D:3      | Noticed Grinder
  3710 | D:3      | Noticed Sigmund
  3734 | D:4      | HP: 1/41 [poisoned by a kobold]
  3734 | D:4      | Slain by an adder

Illustrated notes

Levels and vault maps discovered:
D:1:      dpeg_arrival_ternary, layout_basic, serial_curves, eino_curves_02,
          eino_curves_04, eino_curves_04, eino_curves_02,
          kennysheep_another_room
D:2:      layout_loops_corners, basic_altar, minmay_tromino_v7, uniq_terence,
          uniq_natasha
D:3:      layout_loops_ring, st_stairs_12, uniq_ijyb, uniq_grinder, uniq_sigmund
D:4:      black_bear_nest_2, layout_basic, mainiacjoe_overflow_catwalk_spiral

Skill      XL: |  1  2  3  4 |
---------------+-------------+-----
Armour         | 3 |  3.7
Unarmed Combat | 2 3 |  3.5
Shields        | 3 |  3.2
Fighting       | |  3.2

Action                     |  1- 3 |  4- 6 || total
---------------------------+-------+-------++-------
  Melee: Unarmed           |   190 |    98 ||   288
         Kick              |       |     4 ||     4
 Armour: Plate armour      |   109 |    82 ||   191
  Dodge: Dodged            |    52 |    41 ||    93
  Block: Buckler           |    41 |    17 ||    58

Table legend: (Time is in decaauts)
 A = Elapsed time spent in this place.
 B = Non-inter-level travel time spent in this place.
 C = Inter-level travel time spent in this place.
 D = Time resting spent in this place.
 E = Time spent auto-exploring this place.
 F = Levels seen in this place.
 G = Mean time per level.
                   A        B        C        D        E       F      G
               +--------+--------+--------+--------+--------+-----+--------+
         Total |   3759 |   3759 |      0 |   1122 |      0 |   4 |  939.8 |
       Dungeon |   3759 |   3759 |      0 |   1122 |      0 |   4 |  939.8 |
               +--------+--------+--------+--------+--------+-----+--------+

Top non-repeatable levels by time:
     D:2: 2385 daAuts
     D:1: 1303 daAuts
     D:3: 62 daAuts
     D:4: 8 daAuts
